 Dungeon Crawl Stone Soup version 0.27.1-33-g824d729ab1 (webtiles) character file.

Game seed: 1146830821947927895

12 sking99 the Ruffian (level 2, 0/24 HPs)
             Began as a Minotaur Transmuter on Dec 8, 2021.
             Constricted to death by a ball python (1 damage)
             ... on level 1 of the Dungeon.
             The game lasted 00:01:01 (428 turns).

sking99 the Ruffian (Minotaur Transmuter)            Turns: 428, Time: 00:01:01

Health: 0/24       AC:  2    Str: 14    XL:     2   Next: 20%
Magic:  3/3        EV:  9    Int: 10    God:
Gold:   65         SH:  0    Dex: 10    Spells: 2/3 levels left

rFire    . . .     SeeInvis .     - Unarmed
rCold    . . .     Faith    .   (no shield)
rNeg     . . .     Spirit   .   a - +0 robe
rPois    .         Reflect  .   (helmet restricted)
rElec    .         Harm     .   (no cloak)
rCorr    .         Rampage  .   (no gloves)
Will     .....                  (no boots)
Stlth    +.........             (no amulet)
HPRegen  0.08/turn              (no ring)
MPRegen  0.08/turn              (no ring)

@: constricted
A: horns 2, retaliatory headbutt
a: no special abilities


You were on level 1 of the Dungeon.
You visited 1 branch of the dungeon, and saw 2 of its levels.

You collected 65 gold pieces.

Inventory:

Armour
 a - a +0 robe (worn)
Jewellery
 b - an amulet of guardian spirit
Scrolls
 c - 3 scrolls of identify {unknown}


   Skills:
 + Level 1.8 Fighting
 - Level 2.1 Dodging
 * Level 3.8 Unarmed Combat
 - Level 1.3 Spellcasting
 - Level 1.5 Transmutations


You had 2 spell levels left.
You knew the following spells:

 Your Spells              Type           Power      Damage    Failure   Level
a - Beastly Appendage     Tmut           6%         N/A       19%         1

Your spell library contained the following spells:

 Spells                   Type           Power      Damage    Failure   Level
 Wereblood                Tmut           3%         N/A       26%         2
 Spider Form              Tmut/Pois      1%         N/A       58%         3
 Ice Form                 Ice/Tmut       2%         N/A       94%         4


Dungeon Overview and Level Annotations

Branches:
Dungeon (2/15)

Altars:


Innate Abilities, Weirdness & Mutations

You have a pair of horns on your head.
You reflexively headbutt those who attack you in melee.


Message History

The bat misses you. The bat hits you.
* * * LOW HITPOINT WARNING * * *
You see here a +0 glaive.
The bat barely misses you. The bat hits you.
* * * LOW HITPOINT WARNING * * *
The bat closely misses you.
You closely miss the bat. The bat barely misses you.
The bat hits you but does no damage. The bat barely misses you.
The bat completely misses you. The bat hits you.
* * * LOW HITPOINT WARNING * * *
The bat hits you but does no damage. The bat misses you. The bat hits you.
* * * LOW HITPOINT WARNING * * *
The bat barely misses you. The bat completely misses you.
You furiously retaliate!
You headbutt the bat, but do no damage.
Found a stone staircase leading down.
The bat hits you.
* * * LOW HITPOINT WARNING * * *
Found a stone staircase leading up.
The bat barely misses you. You furiously retaliate!
You headbutt the bat.
You kill the bat!
There is a stone staircase leading up here.
You climb upwards.
The ball python hisses angrily.
The ball python barely misses you. The ball python closely misses you.
The giant cockroach misses you. The ball python closely misses you.
The ball python barely misses you. The giant cockroach closely misses you.
You furiously retaliate!
You headbutt the giant cockroach!
You kill the giant cockroach!
Found a leather armour.
There is a stone staircase leading down here.
A ball python is nearby!
A ball python is nearby!
You closely miss the ball python. The ball python bites you.
* * * LOW HITPOINT WARNING * * *
The ball python grabs you. The ball python constricts you.
You die...

#. .# #. .# #.
.# #. .# #. .#
# #. .###### #
######.#.......
......
...[..S@..#
.###.
.......##.# .#
####### # #


You could see a ball python.

Vanquished Creatures
  2 giant cockroaches (D:1)
  2 goblins (D:1)
  2 jackals (D:1)
  A kobold (D:1)
  2 bats
  A frilled lizard (D:1)
  A rat (D:1)
11 creatures vanquished.

Notes
Turn   | Place    | Note
-------+----------+-------------------------------------------
     0 | D:1      | sking99 the Minotaur Transmuter began the quest for the
                  | Orb.
     0 | D:1      | Reached XP level 1. HP: 16/16 MP: 1/1
   299 | D:1      | Reached XP level 2. HP: 24/24 MP: 3/3
   381 | D:1      | You fall into a shaft and drop 1 floor!
   428 | D:1      | HP: 1/24 [ball python (2)]
   428 | D:1      | Constricted to death by a ball python

Illustrated notes

Levels and vault maps discovered:
D:1:      psy_arrival_basics, layout_loops_ring, basic_ecumenical_altar,
          minmay_tripent
D:2:      layout_loops_ring, uniq_crazy_yiuf_cottage

Action                   || total
-------------------------++-------
Melee: Unarmed           ||    24
       Headbutt          ||     5
 Cast: Beastly Appendage ||     1
Armor: Robe              ||     8
Dodge: Dodged            ||    33
